 Dungeon Crawl Stone Soup version 0.29.1-13-g9f3cf754e1 (webtiles) character file.

Game seed: 7050258312054366091

311 Exodus22XD the Covered (level 6, -3/55 HPs)
             Began as a Minotaur Fighter on Feb 3, 2023.
             Was a Believer of Okawaru.
             Slain by an orc warrior
             ... wielding a +0 glaive
              (9 damage)
             ... on level 4 of the Dungeon.
             The game lasted 00:03:21 (3370 turns).

Exodus22XD the Covered (Minotaur Fighter)           Turns: 3370, Time: 00:03:22

Health: -3/55      AC:  8    Str: 28    XL:     6   Next: 18%
Magic:  5/5        EV:  9    Int:  5    God:    Okawaru [**....]
Gold:   199        SH:  4    Dex: 10    Spells: 5/5 levels left

rFire   . . .      SeeInvis .   a - +0 war axe
rCold   . . .      Faith    .   c - +0 buckler
rNeg    . . .      Spirit   .   y - +0 scale mail {Will+}
rPois   .          Reflect  .   (helmet restricted)
rElec   .          Harm     .   (no cloak)
rCorr   .          Rampage  .   e - +0 pair of gloves
Will    ++...                   (no boots)
Stlth   ..........              (no amulet)
HPRegen 0.18/turn               v - +6 ring of strength
MPRegen 0.09/turn               o - ring of willpower

@: mighty
A: horns 2, retaliatory headbutt
a: Renounce Religion, Heroism


You were on level 4 of the Dungeon.
You worshipped Okawaru.
Okawaru was pleased with you.
You visited 1 branch of the dungeon, and saw 4 of its levels.

You collected 199 gold pieces.

Inventory:

Hand Weapons
 a - a +0 war axe (weapon)
 i - a +0 trident
Armour
 c - a +0 buckler (worn)
 e - a +0 pair of gloves (worn)
 y - a +0 scale mail of willpower (worn)
Jewellery
 o - a ring of willpower (right hand)
 s - a +4 ring of evasion
 v - a +6 ring of strength (left hand)
Scrolls
 f - a scroll of amnesia {unknown}
 g - a scroll of fear
 h - 3 scrolls of noise {unknown}
 j - 2 scrolls of blinking {unknown}
 n - a scroll of enchant armour
 q - a scroll of teleportation {unknown}
 r - a scroll of brand weapon {unknown}
 t - a scroll of torment {unknown}
 u - a scroll of enchant weapon {unknown}
Potions
 d - a potion of might
 k - a potion of invisibility
 l - a potion of flight
 m - a potion of brilliance {unknown}
 p - a potion of lignification {unknown}
 w - 2 potions of haste {unknown}
 x - a potion of experience {unknown}


   Skills:
 + Level 4.8 Fighting
 + Level 5.0 Axes
 + Level 5.5 Armour
 + Level 4.6 Shields


You had 5 spell levels left.
You didn't know any spells.
Your spell library was empty.

Dungeon Overview and Level Annotations

Branches:
Dungeon (4/15)
 Temple: D:4-7

Altars:
Nemelex Xobeh
Okawaru
Sif Muna

Shops:
D:2 :[(!*


Innate Abilities, Weirdness & Mutations

You have a pair of horns on your head.
You reflexively headbutt those who attack you in melee.


Message History

You slash the orc warrior!
The orc warrior is moderately wounded.
The orc warrior hits you with a +0 glaive!
You hit the orc warrior.
You headbutt the orc warrior, but do no damage.
The orc warrior is heavily wounded.
You barely miss the orc warrior.
The orc warrior is heavily wounded.
You slash something!
The orc warrior hits you but does no damage.
Something hits you but does no damage. x2; You block the orc warrior's attack.
You barely miss the orc warrior. Your headbutt misses the orc warrior.
The orc warrior is heavily wounded.
You hit something but do no damage. The orc warrior barely misses you.
Something hits you.
You barely miss the orc warrior.
The orc warrior is heavily wounded.
You miss something. The orc warrior barely misses you.
Something hits you but does no damage.
You barely miss the orc warrior.
The orc warrior is heavily wounded.
You hit something but do no damage. You block the orc warrior's attack.
You hear some strange, mumbled words.
A magic dart appears from out of thin air!
The magic dart hits you! Something hits you but does no damage.
The orc warrior hits you with a +0 glaive!
You feel very mighty all of a sudden. The orc warrior closely misses you.
You furiously retaliate!
You headbutt the orc warrior! Something hits you but does no damage.
You barely miss the orc warrior.
The orc warrior is severely wounded.
You completely miss something.
The orc warrior hits you with a +0 glaive!!
* * * LOW HITPOINT WARNING * * *
Something hits you but does no damage.
You closely miss the orc warrior.
The orc warrior is severely wounded.
You barely miss something.
The orc warrior hits you with a +0 glaive!
You die...

#####
#.#....†..........#.#
#...#...####......#.#
######.## .#.### #.#
.#.# #.# .:.. ##.##
.... # ###⌠.⌠##.....
###..._o{S.....
#...#⌠.@#
#######.#...)##
#.........####
####.######.## #....#
#.# ..#### #.# ###
#.# # #.# # #..


You could see an orc warrior and an adder.

Vanquished Creatures
  2 bullfrogs
  An iguana (D:3)
  An orc wizard (D:4)
  A gnoll (D:1)
  5 adders
  An ufetubus (D:4)
  A worm (D:2)
  2 dart slugs
  7 orcs
  4 endoplasms
  3 giant cockroaches
  4 goblins
  4 hobgoblins
  2 quokkas
  6 ball pythons
  12 bats
  2 frilled lizards (D:3)
  4 kobolds
  4 rats
66 creatures vanquished.

Vanquished Creatures (others)
  3 fungi (D:4)
3 creatures vanquished.

Grand Total: 69 creatures vanquished

Notes
Turn   | Place    | Note
-------+----------+-------------------------------------------
     0 | D:1      | Exodus22XD the Minotaur Fighter began the quest for the
                  | Orb.
     0 | D:1      | Reached XP level 1. HP: 19/19 MP: 0/0
    37 | D:1      | Found a faded altar of an unknown god.
    50 | D:1      | Prayed at the altar of an unknown god.
    50 | D:1      | Became a worshipper of Warmaster Okawaru
    50 | D:1      | Reached * piety under Okawaru
   129 | D:1      | Reached XP level 2. HP: 27/27 MP: 1/1
   307 | D:1      | Reached XP level 3. HP: 33/33 MP: 2/2
   596 | D:1      | You fall into a shaft and drop 1 floor!
   741 | D:2      | Found Taorhul's Antique Weapon Shoppe.
   763 | D:2      | Found Wafofat's General Store.
   770 | D:2      | Found Qiywny's Distillery.
  1301 | D:2      | Found Fifiagan's Book Shoppe.
  1366 | D:2      | Found Lisare's Antique Armour Shoppe.
  1542 | D:1      | You fall into a shaft and drop 1 floor!
  1616 | D:3      | Reached XP level 4. HP: 30/41 MP: 3/3
  1887 | D:3      | Noticed a bullfrog
  1894 | D:3      | Killed a bullfrog
  1894 | D:3      | Reached ** piety under Okawaru
  1895 | D:3      | Reached XP level 5. HP: 29/47 MP: 4/4
  2826 | D:3      | Reached skill level 5 in Armour
  3093 | D:4      | Found a sparkling altar of Nemelex Xobeh.
  3156 | D:4      | Found a shimmering blue altar of Sif Muna.
  3162 | D:4      | Reached XP level 6. HP: 53/53 MP: 5/5
  3167 | D:4      | Reached skill level 5 in Axes
  3357 | D:4      | Noticed an orc warrior
  3370 | D:4      | Slain by an orc warrior

Illustrated notes

Levels and vault maps discovered:
D:1:      psy_arrival_terrarium, layout_basic,
          hellmonk_ecumenical_altar_crossroads
D:2:      layout_loops_ring, serial_shops, shop_coins, shop,
          nicolae_shop_window_shopping, nicolae_shop_hallway_plus,
          nicolae_diamond_shop
D:3:      layout_basic, minivault_5, nrook_mini_vaults
D:4:      layout_loops_cross, mainiacjoe_overflow_boulevard, elyvilon_altar_3,
          nemelex_xobeh_ov_fountains_minmay, gammafunk_ghost_mausoleum,
          grunt_decor_junction, hex_large

Skill      XL: |  1  2  3  4  5  6 |
---------------+-------------------+-----
Fighting       | 4 |  4.8
Armour         | 4 5 |  5.5
Shields        | 4 |  4.6
Axes           | 3 4 5 |  5.0

Action                   |  1- 3 |  4- 6 || total
-------------------------+-------+-------++-------
Melee: War axe           |    78 |    73 ||   151
       Headbutt          |     9 |     8 ||    17
  Use: Scroll            |       |     5 ||     5
       Potion            |       |     1 ||     1
Armor: Scale mail        |    52 |    38 ||    90
Dodge: Dodged            |    44 |    51 ||    95
Block: Buckler           |    15 |    26 ||    41
